 Dungeon Crawl Stone Soup version 0.31.0-9-g3a7656b989 (webtiles) character file.

Game seed: 1616751912840826200

6717 qw the Nimble (level 10, -12/51 HPs)
             Began as a Spriggan Hunter on Feb 2, 2024.
             Was an Elder of Okawaru.
             Mangled by a slime creature (17 damage)
             ... on level 9 of the Dungeon.
             The game lasted 00:00:53 (7838 turns).

qw the Nimble (Spriggan Hunter)                     Turns: 7838, Time: 00:00:53

Health: -12/51     AC:  8    Str:  7    XL:     10   Next: 74%
Magic:  14/14      EV: 29    Int: 12    God:    Okawaru [****..]
Gold:   266        SH:  5    Dex: 22    Spells: 9/9 levels left

rFire   . . .        b - +0 orcbow
rCold   . . .        (shield currently unavailable)
rNeg    + . .        c - +0 robe
rPois   +            (helmet restricted)
rElec   .            j - +1 cloak
rCorr   .            (gloves unavailable)
SInv    +            (boots unavailable)
Will    +....        q - amulet "Peoh" {Reflect rPois SH+5}
Stlth   ++           i - +4 ring of protection
HPRegen 0.28/turn    n - ring of positive energy
MPRegen 0.14/turn

%: reflection
@: about to teleport, very quick
A: very small, no large weapons, unfitting armour, see invisible, speed 3
a: Renounce Religion, Heroism, Finesse


You were on level 9 of the Dungeon.
You worshipped Okawaru.
Okawaru was greatly pleased with you.
You visited 2 branches of the dungeon, and saw 10 of its levels.

You collected 636 gold pieces.
You spent 370 gold pieces at shops.


Innate Abilities, Weirdness & Mutations

You are very small and have problems with some larger weapons.
You are too small for most types of armour.
You have supernaturally acute eyesight. (SInv)
You cover ground extremely quickly. (Speed+++)


   Skills:
 - Level 5.1 Fighting
 - Level 12.0 Ranged Weapons
 + Level 12.6 Dodging
 - Level 1.5 Stealth
 + Level 4.1 Invocations


You had 9 spell levels left.
You didn't know any spells.
Your spell library was empty.

Inventory:

Hand Weapons
 b - a +0 orcbow (weapon)
Armour
 c - a +0 robe (worn)
 j - a +1 cloak (worn)
 o - a +0 robe of poison resistance
 s - a +0 troll leather armour
Jewellery
 i - a +4 ring of protection (left hand)
 n - a ring of positive energy (right hand)
 q - the amulet "Peoh" (around neck) {Reflect rPois SH+5}
   (You acquired it on level 8 of the Dungeon)

   [amulet of reflection]

   Reflect:   It reflects blocked missile attacks.
   rPois:     It protects you from poison SH+5: It affects your SH (+5).
 r - a ring of poison resistance
Wands
 d - a wand of light (14)
 g - a wand of polymorph (12)
Scrolls
 h - a scroll of identify
Potions
 a - 2 potions of heal wounds {unknown}
 e - 8 potions of curing
 f - a potion of haste {unknown}
 k - a potion of enlightenment {unknown}
 l - a potion of magic {unknown}
 m - a potion of might {unknown}
 p - a potion of mutation {unknown}
 t - a potion of ambrosia {unknown}

Dungeon Overview and Level Annotations

Branches:
Dungeon (9/15)             Temple (1/1) D:5             Orc (0/2) D:9
   Lair: D:8-11

Altars:
Cheibriados
Dithmenos
Fedhas
Gozag
Hepliaklqana
Kikubaaqudgha
Makhleb
Nemelex Xobeh
Okawaru
Qazlal
Ru
Sif Muna
Trog
Uskayaw
Wu Jian
Xom
Zin
The Shining One

Shops:
D:1 =   D:5 *   D:9 *

Portals:
Abyss: D:5

Annotations:
D:5 2 transporters, qw's ghost, novice DjHu
D:6 1 runed translucent door, Crazy Yiuf


Message History

The slime creature is heavily wounded.
The slime creature misses you. You block the jelly's attack.
The slime creature completely misses you.
7829 ||| RETREEEEATING.
You shoot an arrow. The arrow hits the slime creature!
The slime creature is severely wounded.
The slime creature misses you. The jelly completely misses you.
The slime creature misses you.
7830 ||| RETREEEEATING.
You shoot an arrow.
The arrow barely misses the slime creature.
The slime creature misses you. The jelly misses you.
The slime creature barely misses you.
7831 ||| RETREEEEATING.
You shoot an arrow. The arrow hits the slime creature!
The slime creature is almost dead.
The jelly misses you. The slime creature barely misses you.
The slime creature misses you.
7832 ||| RETREEEEATING.
You shoot an arrow.
The arrow completely misses the slime creature.
The slime creature hits you! The jelly closely misses you.
The slime creature hits you!
7833 ||| RETREEEEATING.
You shoot an arrow. The arrow hits the slime creature!
You kill the slime creature!
Okawaru accepts your kill.
You can now speed up your combat.
You block the jelly's attack. The slime creature misses you.
You shoot an arrow. The arrow hits the slime creature.
The slime creature is lightly wounded.
The jelly barely misses you.
The slime creature completely misses you.
You shoot an arrow.
The arrow barely misses the slime creature.
The jelly misses you. The slime creature hits you!
You shoot an arrow. The arrow hits the slime creature!
The slime creature is lightly wounded.
You shoot an arrow.
The arrow barely misses the slime creature.
The jelly closely misses you. The slime creature hits you!
7838 ||| READING scroll of teleportation.
As you read the scroll of teleportation, it crumbles to dust.
You feel strangely unstable. The jelly barely misses you.
The slime creature hits you!
You die...

)###
###########.......#....##
...#
.........##..............
...# ...
#..........#.........
...#
...!##........##.........
...#
##...##..##...#.....##...
...#
#J...J#..##.........#.#..
...#
..J..J...##.(...........%
...#
.#J....#.####..#...##....
#### ##$..##@#
######.~~.### ##!..JJ#
#~......~## ##....#
.........~# #### .....##
....)|...## #..## ######
###########
#...################ ##
#.........#......#.# #.
#.........'......#.# #.
#.........#......#.# #.


You could see a slime creature and a jelly.

Vanquished Creatures
  2 cyclopes (D:9)
  A kobold demonologist (D:9)
  A troll (D:9)
  A hornet (D:8)
  A slime creature (D:9)
  A yak (D:9)
  A wyvern (D:9)
  A steam dragon (D:7)
  A hog (shapeshifter) (D:9)
  Menkaure (D:4)
  4 water moccasins (D:9)
  4 ice beasts
  3 black bears
  An orc warrior (D:9)
  3 ogres
  7 centaurs
  2 phantoms
  3 kobold brigands
  8 bullfrogs
  Blork the orc (D:4)
  A gnoll sergeant (D:9)
  2 scorpions (D:5)
  A wight (D:9)
  3 howler monkeys
  A bombardier beetle (D:5)
  6 orc priests
  2 hounds
  3 jellies
  3 gnoll boudas
  5 iguanas
  9 orc wizards
  Ijyb (D:4)
  16 gnolls
  9 adders
  A shadow imp (D:6)
  2 ufetubi (D:6)
  2 dart slugs
  3 ribbon worms (D:2)
  38 orcs
  5 ball pythons
  6 endoplasms
  6 giant cockroaches
  5 hobgoblins
  15 kobolds
  A quokka (D:4)
  A bat (D:1)
  4 frilled lizards
  4 goblins
  2 rats
204 creatures vanquished.

Notes
Turn   | Place    | Note
-------+----------+-------------------------------------------
     0 | D:1      | qw the Spriggan Hunter began the quest for the Orb.
     0 | D:1      | Reached XP level 1. HP: 10/10 MP: 2/2
     0 | D:1      | 0 ||| qw: Version: 0.3-a-155-g5e7d8dd
     0 | D:1      | 0 ||| qw: Game counter: 1264
     0 | D:1      | 0 ||| qw: Melee chars always use a shield: true
     0 | D:1      | 0 ||| qw: God list: Okawaru
     0 | D:1      | 0 ||| qw: Allow faded altars: false
     0 | D:1      | 0 ||| qw: Do Orc after clearing Dungeon:15 true
     0 | D:1      | 0 ||| qw: Do second Lair branch before Depths: true
     0 | D:1      | 0 ||| qw: Lair rune preference: random
     0 | D:1      | 0 ||| qw: Goals: Normal
     0 | D:1      | 0 ||| PLANNING D:1-11
    22 | D:1      | Reached skill level 3 in Dodging
    95 | D:1      | Reached XP level 2. HP: 10/14 MP: 3/3
   311 | D:1      | Found Soklowno's Jewellery Emporium.
   321 | D:1      | 321 ||| SHOPLISTING amulet of reflection (360 gold, have
                  | 14).
   321 | D:1      | 321 ||| SHOPLISTING ring of Xom's Whim {EV+5 Stlth+} (549
                  | gold, have 14).
   321 | D:1      | 321 ||| SHOPLISTING ring of fire (300 gold, have 14).
   321 | D:1      | 321 ||| SHOPLISTING ring of poison resistance (240 gold,
                  | have 14).
   321 | D:1      | 321 ||| SHOPLISTING ring of resist corrosion (240 gold,
                  | have 14).
   321 | D:1      | 321 ||| SHOPLISTING ring of willpower (300 gold, have 14).
   375 | D:1      | Found a faded altar of an unknown god.
   770 | D:1      | 770 ||| READING 2 scrolls labelled RUSTRU ZECALIZ.
   770 | D:1      | 770 ||| IDENTIFYING 2 clear potions
   771 | D:1      | 771 ||| READING scroll of identify.
   771 | D:1      | 771 ||| IDENTIFYING scroll labelled MAUQUFFESI
   772 | D:1      | 772 ||| READING scroll of brand weapon.
   772 | D:1      | 772 ||| BRANDING +0 shortbow.
   773 | D:1      | 773 ||| READING scroll labelled DAR QANIM LACS.
   774 | D:1      | 774 ||| READING scroll labelled ELACZU ZOMPEVOK.
   775 | D:1      | 775 ||| DROPPING scroll of butterflies.
   850 | D:2      | Found a shimmering altar of Xom.
   871 | D:2      | You fall into a shaft and drop 1 floor!
   908 | D:3      | 908 ||| READING 2 scrolls of identify.
   908 | D:3      | 908 ||| IDENTIFYING scroll labelled TIUWUO DYECUU
   909 | D:3      | 909 ||| READING scroll of identify.
   909 | D:3      | 909 ||| IDENTIFYING scroll labelled CESHIO NAIXEF
   910 | D:3      | 910 ||| READING 2 scrolls labelled PEXKAU GUSHRESE.
   911 | D:3      | 911 ||| DROPPING scroll of immolation.
   912 | D:3      | 912 ||| DROPPING scroll of fog.
   921 | D:3      | 921 ||| STAIRDANCE
  1025 | D:2      | Reached XP level 3. HP: 18/18 MP: 4/4
  1761 | D:2      | 1761 ||| UPGRADING to amulet of guardian spirit.
  1766 | D:2      | 1766 ||| UPGRADING to +4 ring of protection.
  1767 | D:2      | 1767 ||| DROPPING ring of wizardry.
  1768 | D:2      | 1768 ||| READING scroll of identify.
  1768 | D:2      | 1768 ||| IDENTIFYING bubbling red potion
  1769 | D:2      | 1769 ||| READING scroll labelled UNEOD KOTOPH.
  1772 | D:2      | 1772 ||| DRINKING 2 green potions.
  1799 | D:2      | 1799 ||| DROPPING potion of lignification.
  1800 | D:2      | 1800 ||| DROPPING potion of attraction.
  1838 | D:3      | Reached XP level 4. HP: 22/22 MP: 5/5
  2186 | D:3      | 2186 ||| DROPPING ring of magical power.
  2214 | D:4      | Noticed Blork the orc
  2216 | D:4      | 2216 ||| FLEEEEING.
  2217 | D:4      | 2217 ||| FLEEEEING.
  2219 | D:4      | 2219 ||| FLEEEEING.
  2220 | D:4      | 2220 ||| FLEEEEING.
  2224 | D:4      | Killed Blork the orc
  2225 | D:4      | Reached XP level 5. HP: 23/25 MP: 4/6
  2345 | D:4      | Noticed Ijyb
  2348 | D:4      | Killed Ijyb
  2424 | D:4      | Noticed Menkaure
  2427 | D:4      | 2427 ||| ZAPPING wand of light (8) at 5,-5 (Menkaure;
                  | floor).
  2428 | D:4      | 2428 ||| ZAPPING wand of light (7) at 5,-5 (Menkaure;
                  | floor).
  2428 | D:4      | Killed Menkaure
  2429 | D:4      | Reached skill level 6 in Ranged Weapons
  2429 | D:4      | Reached XP level 6. HP: 30/30 MP: 7/7
  2453 | D:4      | Reached skill level 6 in Dodging
  2558 | D:4      | Found a stormy altar of Qazlal.
  2933 | D:4      | 2933 ||| UPGRADING to +0 cloak.
  2938 | D:4      | 2938 ||| READING scroll of enchant armour.
  2938 | D:4      | 2938 ||| ENCHANTING +0 cloak.
  2956 | D:5      | Entered Level 5 of the Dungeon
  3016 | D:5      | 3016 ||| FLEEEEING.
  3019 | D:5      | 3019 ||| FLEEEEING.
  3020 | D:5      | 3020 ||| FLEEEEING.
  3021 | D:5      | 3021 ||| FLEEEEING.
  3022 | D:5      | 3022 ||| FLEEEEING.
  3023 | D:5      | 3023 ||| FLEEEEING.
  3024 | D:5      | 3024 ||| FLEEEEING.
  3025 | D:5      | 3025 ||| FLEEEEING.
  3026 | D:5      | 3026 ||| FLEEEEING.
  3027 | D:5      | 3027 ||| FLEEEEING.
  3028 | D:5      | 3028 ||| FLEEEEING.
  3033 | D:5      | 3033 ||| FLEEEEING.
  3034 | D:5      | 3034 ||| FLEEEEING.
  3035 | D:5      | 3035 ||| FLEEEEING.
  3036 | D:5      | 3036 ||| FLEEEEING.
  3037 | D:5      | 3037 ||| FLEEEEING.
  3038 | D:5      | 3038 ||| FLEEEEING.
  3039 | D:5      | 3039 ||| FLEEEEING.
  3040 | D:5      | 3040 ||| FLEEEEING.
  3047 | D:5      | 3047 ||| ZAPPING wand of light (6) at 1,-1 (black bear;
                  | floor).
  3048 | D:5      | 3048 ||| ZAPPING wand of light (5) at 1,-1 (black bear;
                  | floor).
  3107 | D:5      | Noticed an ice beast
  3108 | D:5      | 3108 ||| ZAPPING wand of light (4) at 2,-1 (ice beast;
                  | floor).
  3109 | D:5      | 3109 ||| ZAPPING wand of light (3) at 1,-1 (ice beast;
                  | floor).
  3110 | D:5      | 3110 ||| ZAPPING wand of light (2) at 1,-1 (ice beast;
                  | floor).
  3110 | D:5      | Killed an ice beast
  3111 | D:5      | Reached XP level 7. HP: 35/35 MP: 8/8
  3151 | D:5      | 3151 ||| FLEEEEING.
  3152 | D:5      | 3152 ||| FLEEEEING.
  3154 | D:5      | 3154 ||| FLEEEEING.
  3155 | D:5      | 3155 ||| FLEEEEING.
  3156 | D:5      | 3156 ||| FLEEEEING.
  3157 | D:5      | 3157 ||| FLEEEEING.
  3158 | D:5      | 3158 ||| FLEEEEING.
  3160 | D:5      | 3160 ||| FLEEEEING.
  3162 | D:5      | 3162 ||| FLEEEEING.
  3164 | D:5      | 3164 ||| FLEEEEING.
  3165 | D:5      | 3165 ||| FLEEEEING.
  3168 | D:5      | 3168 ||| FLEEEEING.
  3229 | D:5      | 3229 ||| SWAPPING to +0 orcbow.
  3230 | D:5      | 3230 ||| DROPPING +0 shortbow of flaming.
  3326 | D:5      | Found a glowing golden altar of the Shining One.
  3347 | D:5      | Reached skill level 3 in Fighting
  3347 | D:5      | Reached XP level 8. HP: 40/40 MP: 9/9
  3367 | D:5      | Found Gozag's Platinum Reserve.
  3367 | D:5      | Found an opulent altar of Gozag.
  3408 | D:5      | 3408 ||| SHOPLISTING amulet "Pihiyn" {Spirit Str+2 SInv}
                  | (4540 gold, have 302).
  3408 | D:5      | 3408 ||| SHOPLISTING amulet of Vizaxida {Reflect Dex+2
                  | SH+5} (4120 gold, have 302).
  3422 | D:5      | Found a transporter.
  3499 | D:5      | Found a one-way gate to the infinite horrors of the Abyss.
  3499 | D:5      | Noticed qw's ghost (novice DjHu)
  3512 | D:5      | Found a transporter.
  3527 | D:5      | Found a staircase to the Ecumenical Temple.
  3528 | D:5      | 3528 ||| PLANNING TEMPLE
  3532 | Temple   | Entered the Ecumenical Temple
  3533 | Temple   | 3533 ||| PLANNING OKAWARU WORSHIP
  3559 | Temple   | Became a worshipper of Warmaster Okawaru
  3560 | Temple   | 3560 ||| PLANNING D:1-11
  3560 | Temple   | 3560 ||| REMOVING amulet of guardian spirit.
  4070 | D:6      | 4070 ||| STAIRDANCE
  4074 | D:6      | 4074 ||| STAIRDANCE
  4078 | D:6      | 4078 ||| STAIRDANCE
  4084 | D:6      | 4084 ||| STAIRDANCE
  4146 | D:6      | Noticed a +0 dagger
  4147 | D:6      | Found a hide-covered altar of Uskayaw.
  4148 | D:6      | Noticed a +0 hand axe
  4204 | D:6      | 4204 ||| FLEEEEING.
  4206 | D:6      | 4206 ||| FLEEEEING.
  4207 | D:6      | 4207 ||| FLEEEEING.
  4208 | D:6      | 4208 ||| FLEEEEING.
  4210 | D:6      | 4210 ||| FLEEEEING.
  4215 | D:6      | 4215 ||| FLEEEEING.
  4216 | D:6      | 4216 ||| FLEEEEING.
  4218 | D:6      | 4218 ||| FLEEEEING.
  4219 | D:6      | 4219 ||| FLEEEEING.
  4220 | D:6      | 4220 ||| FLEEEEING.
  4223 | D:6      | 4223 ||| FLEEEEING.
  4224 | D:6      | 4224 ||| FLEEEEING.
  4225 | D:6      | 4225 ||| FLEEEEING.
  4226 | D:6      | 4226 ||| FLEEEEING.
  4227 | D:6      | 4227 ||| FLEEEEING.
  4270 | D:6      | Found a hazy altar of Hepliaklqana.
  4296 | D:6      | Reached skill level 9 in Ranged Weapons
  4383 | D:6      | Reached skill level 9 in Dodging
  4423 | D:6      | Reached * piety under Okawaru
  4450 | D:6      | Found a runed translucent door.
  4451 | D:6      | Noticed Crazy Yiuf
  4696 | D:6      | 4696 ||| UPGRADING to ring of positive energy.
  4885 | D:7      | Found a burning altar of Makhleb.
  4895 | D:7      | Reached skill level 1 in Invocations
  5009 | D:7      | 5009 ||| ZAPPING wand of light (10) at 0,-2 (black bear;
                  | floor).
  5089 | D:7      | Reached XP level 9. HP: 44/44 MP: 11/11
  5185 | D:7      | 5185 ||| Stepping ~*~*~tactically~*~*~ (cloud).
  5192 | D:7      | Reached skill level 3 in Invocations
  5876 | D:7      | 5876 ||| READING scroll labelled VEK YSIATILY.
  5877 | D:7      | 5877 ||| DROPPING wand of flame (24).
  5909 | D:8      | 5909 ||| RETREEEEATING.
  5910 | D:8      | 5910 ||| RETREEEEATING.
  5912 | D:8      | Paralysed by a hornet for 2 turns
  5914 | D:8      | 5914 ||| INVOKING Heroism.
  6129 | D:8      | Reached ** piety under Okawaru
  6160 | D:8      | Found an ornate altar of the Wu Jian Council.
  6171 | D:8      | 6171 ||| INVOKING Heroism.
  6378 | D:8      | 6378 ||| Stepping ~*~*~tactically~*~*~ (cloud).
  6667 | D:8      | 6667 ||| READING scroll labelled GETWUO BANAX.
  6667 | D:8      | Identified a scroll of acquirement
  6667 | D:8      | 6667 ||| ACQUIRING amulet "Peoh" {Reflect rPois SH+5}
  6667 | D:8      | Acquired the amulet "Peoh" {Reflect rPois SH+5}
  6669 | D:8      | 6669 ||| DROPPING amulet of guardian spirit.
  6670 | D:8      | 6670 ||| UPGRADING to amulet "Peoh" {Reflect rPois SH+5}.
  6675 | D:8      | 6675 ||| DRINKING 2 black potions.
  6676 | D:8      | 6676 ||| DRINKING 2 fuming blue potions.
  6677 | D:8      | 6677 ||| DROPPING potion of brilliance.
  6678 | D:8      | 6678 ||| DROPPING potion of degeneration.
  6817 | D:9      | 6817 ||| RETREEEEATING.
  6820 | D:9      | 6820 ||| RETREEEEATING.
  6821 | D:9      | 6821 ||| RETREEEEATING.
  6822 | D:9      | 6822 ||| RETREEEEATING.
  6823 | D:9      | 6823 ||| RETREEEEATING.
  6827 | D:9      | 6827 ||| RETREEEEATING.
  6829 | D:9      | 6829 ||| RETREEEEATING.
  6830 | D:9      | 6830 ||| RETREEEEATING.
  6961 | D:9      | HP: 2/45 [orc priest/divine providence (15)]
  6962 | D:9      | 6962 ||| READING scroll of teleportation.
  6964 | D:9      | Reached XP level 10. HP: 3/49 MP: 14/14
  7188 | D:9      | Reached *** piety under Okawaru
  7217 | D:9      | Found Daucrodgh's Serpentskin Sales.
  7223 | D:9      | 7223 ||| BUYING +0 robe of poison resistance (70 gold).
  7223 | D:9      | Bought a +0 robe of poison resistance for 70 gold pieces
  7223 | D:9      | 7223 ||| BUYING ring of poison resistance (300 gold).
  7223 | D:9      | Bought a ring of poison resistance for 300 gold pieces
  7246 | D:9      | Found a staircase to the Orcish Mines.
  7432 | D:9      | Reached skill level 12 in Dodging
  7696 | D:9      | Noticed a cyclops
  7697 | D:9      | 7697 ||| INVOKING Heroism.
  7706 | D:9      | Killed a cyclops
  7732 | D:9      | Reached skill level 12 in Ranged Weapons
  7738 | D:9      | Noticed a cyclops
  7739 | D:9      | 7739 ||| INVOKING Heroism.
  7743 | D:9      | Killed a cyclops
  7815 | D:9      | 7815 ||| RETREEEEATING.
  7816 | D:9      | 7816 ||| RETREEEEATING.
  7817 | D:9      | 7817 ||| RETREEEEATING.
  7825 | D:9      | 7825 ||| RETREEEEATING.
  7826 | D:9      | 7826 ||| RETREEEEATING.
  7827 | D:9      | 7827 ||| RETREEEEATING.
  7828 | D:9      | 7828 ||| RETREEEEATING.
  7829 | D:9      | 7829 ||| RETREEEEATING.
  7830 | D:9      | 7830 ||| RETREEEEATING.
  7831 | D:9      | 7831 ||| RETREEEEATING.
  7832 | D:9      | 7832 ||| RETREEEEATING.
  7833 | D:9      | 7833 ||| RETREEEEATING.
  7833 | D:9      | Reached **** piety under Okawaru
  7837 | D:9      | HP: 5/51 [slime creature (9)]
  7838 | D:9      | 7838 ||| READING scroll of teleportation.
  7838 | D:9      | Mangled by a slime creature

Levels and vault maps discovered:
D:1:      sevenhm_arrival_forest_fort_small_3, layout_loops_ring, serial_shops,
          shop_fountains, shapermc_ecumenical_altar_venn, kennysheep_minor_cross
D:2:      layout_basic, basic_altar, kennysheep_generic_room_6
D:3:      layout_rooms
D:4:      layout_cave_pods, nicolae_qazlal_scattered_showers, uniq_menkaure,
          uniq_ijyb, uniq_blork_the_orc
D:5:      layout_basic, nicolae_gozag_zags_fifth_avenue,
          mainiacjoe_overflow_brackets, minmay_temple_entry_glassed_door,
          gammafunk_ghost_abyssal_escape
D:6:      layout_rooms, kennysheep_little_box, dancing_weapons_uskayaw,
          hangedman_decor_points, uniq_crazy_yiuf_cottage
D:7:      layout_loops_corners, kennysheep_mini_moat
D:8:      layout_loops_ring, nicolae_wu_jian_wuxing_cycle,
          chequers_serial_rivers_micro_c, grunt_ministairs_5
D:9:      regret_index_early_branch_jog, layout_stronghold, hiddenorc2_lemuel,
          guppyfry_shop_venom
Temple:   grunt_temple_mini_profane

Skill      XL: |  1  2  3  4  5  6  7  8  9 10 |
---------------+-------------------------------+-----
Dodging        | 3 4 5 6 7 9 10 12 | 12.6
Ranged Weapons | 5 6 7 8 9 11 12 | 12.0
Fighting       | 2 3 4 5 |  5.1
Invocations    | 2 4 |  4.1
Stealth        | |  1.5

Action                     |  1- 3 |  4- 6 |  7- 9 | 10-12 || total
---------------------------+-------+-------+-------+-------++-------
   Fire: Shortbow          |   104 |    69 |    23 |       ||   196
         Orcbow            |       |       |   330 |   194 ||   524
 Invoke: Heroism           |       |       |     2 |     2 ||     4
  Evoke: Wand              |       |     7 |     1 |       ||     8
    Use: Scroll            |    10 |     1 |     3 |     1 ||    15
         Potion            |     1 |       |     2 |       ||     3
 Armour: Robe              |     4 |     6 |    48 |    16 ||    74
  Dodge: Dodged            |    25 |    17 |   162 |    69 ||   273
  Block: Other             |       |       |     8 |    10 ||    18
         Reflection        |       |       |       |     2 ||     2

Table legend:
 A = Non-vault XP
 B = Vault XP
 C = Vault XP percentage of total XP
 D = Non-vault monster count
 E = Vault monster count
 F = Vault count percentage of total count
                 A         B        C        D         E       F
            +---------+---------+-------+---------+---------+-------
      Total |    5203 |    4393 |  45.8 |     146 |      58 |  28.4
            +---------+---------+-------+---------+---------+-------
        D:1 |      28 |       0 |   0.0 |      15 |       0 |   0.0
        D:2 |      58 |       7 |  10.8 |      18 |       3 |  14.3
        D:3 |      40 |       0 |   0.0 |       8 |       0 |   0.0
        D:4 |      74 |     291 |  79.7 |      11 |       3 |  21.4
        D:5 |    1118 |       0 |   0.0 |      17 |       0 |   0.0
        D:6 |     905 |       0 |   0.0 |      21 |       0 |   0.0
        D:7 |     974 |       0 |   0.0 |      16 |       0 |   0.0
        D:8 |     742 |     282 |  27.5 |      27 |       1 |   3.6
        D:9 |    1264 |    3813 |  75.1 |      13 |      51 |  79.7
            +---------+---------+-------+---------+---------+-------
